 Dungeon Crawl Stone Soup version 0.30-a0-737-gf23d94013f (webtiles) character file.

Game seed: 18215151314176741783

77 jimonade the Sneak (level 4, -1/38 HPs)
             Began as a Gnoll Brigand on Feb 3, 2023.
             Slain by an orc wizard
             ... wielding a +0 dagger
              (4 damage)
             ... on level 3 of the Dungeon.
             The game lasted 00:03:41 (1742 turns).

jimonade the Sneak (Gnoll Brigand)                  Turns: 1742, Time: 00:03:42

Health: -1/38      AC:  3    Str: 11    XL:     4   Next: 34%
Magic:  5/5        EV: 13    Int: 10    God:
Gold:   157        SH:  0    Dex: 15    Spells: 5/5 levels left

rFire   . . .      SeeInvis .    a - +2 dagger
rCold   . . .      Faith    .    s - orb {*Rage}
rNeg    . . .      Spirit   .    b - +0 robe
rPois   .          Reflect  .    (no helmet)
rElec   .          Harm     .    c - +0 cloak
rCorr   +          Rampage  .    (no gloves)
Will    .....      Rage     20%  (no boots)
Stlth   ++++                     (no amulet)
HPRegen 0.26/turn                i - ring of resist corrosion
MPRegen 0.09/turn                (no ring)

@: on berserk cooldown, slowed, very slow
A: fangs 1, strong nose, distributed training
a: no special abilities


You were on level 3 of the Dungeon.
You visited 1 branch of the dungeon, and saw 3 of its levels.

You collected 157 gold pieces.

Inventory:

Hand Weapons
 a - a +2 dagger (weapon)
Missiles
 d - 11 poisoned darts (quivered)
 e - 3 curare-tipped darts
Armour
 b - a +0 robe (worn)
 c - a +0 cloak (worn)
 f - a scarf of harm
 s - an orb of wrath (worn)
Jewellery
 i - a ring of resist corrosion (left hand)
Scrolls
 h - a scroll of poison {unknown}
 j - a scroll of butterflies {unknown}
 k - a scroll of immolation {unknown}
 l - a scroll of amnesia {unknown}
 m - a scroll of silence {unknown}
Potions
 g - 2 potions of degeneration {unknown}
 n - a potion of mutation {unknown}
 o - a potion of curing {unknown}
 p - a potion of ambrosia {unknown}
 q - a potion of berserk rage {unknown}
 r - a potion of resistance {unknown}


   Skills:
 + Level 4.6 Fighting
 + Level 4.6 Short Blades
 + Level 1.1 Long Blades
 + Level 1.1 Axes
 + Level 1.1 Maces & Flails
 + Level 1.1 Polearms
 + Level 1.1 Staves
 + Level 1.1 Ranged Weapons
 + Level 4.6 Throwing
 + Level 1.1 Armour
 + Level 2.7 Dodging
 + Level 7.8 Stealth
 + Level 1.1 Shields
 + Level 1.1 Unarmed Combat
 + Level 1.1 Spellcasting
 + Level 0.9 Conjurations
 + Level 0.9 Hexes
 + Level 0.9 Summonings
 + Level 0.9 Necromancy
 + Level 0.9 Translocations
 + Level 0.9 Transmutations
 + Level 0.9 Fire Magic
 + Level 0.9 Ice Magic
 + Level 0.9 Air Magic
 + Level 0.9 Earth Magic
 + Level 0.9 Poison Magic
 + Level 1.2 Invocations
 + Level 1.1 Evocations


You had 5 spell levels left.
You didn't know any spells.
Your spell library contained the following spells:

 Spells                   Type           Power      Damage    Failure   Level
 Anguish                  Hex/Necr       1%         N/A       93%         4
 Enfeeble                 Hex            1%         N/A       100%        7


Dungeon Overview and Level Annotations

Branches:
Dungeon (3/15)

Altars:

Shops:
D:1 ?


Innate Abilities, Weirdness & Mutations

You have very sharp teeth.
Your uncanny sense of smell can sniff out nearby items.
Your experience applies equally to all skills.


Message History

The boomerang barely misses you. The orc completely misses you.
The orc closely misses you.
The orc throws a boomerang.
The boomerang closely misses you. The orc misses you.
The orc hits you with a +0 club.
You closely miss the orc. The orc closely misses you.
The orc hits you with a +0 trident.
The orc throws a boomerang.
The boomerang closely misses you.
You barely miss the orc. The orc hits you with a +0 club.
The orc closely misses you.
You barely miss the orc.
You feel less confused. Something hits you.
The orc throws a boomerang.
The boomerang closely misses you. The orc hits you with a +0 club.
The orc closely misses you.
You completely miss the orc.
The orc misses you. x2; Something hits you.
You barely miss the orc. Something hits you.
The orc throws a boomerang.
The boomerang hits you but does no damage.
The orc hits you with a +0 trident. The orc misses you.
The orc hits you with a +0 trident!
* * * LOW HITPOINT WARNING * * *
You hit something. You closely miss the orc. The orc closely misses you.
Something hits you.
* * * LOW HITPOINT WARNING * * *
You hit the orc.
The orc is heavily wounded.
The orc hits you with a +0 club.
* * * LOW HITPOINT WARNING * * *
The orc hits you with a +0 trident.
* * * LOW HITPOINT WARNING * * *
You hear some strange, mumbled words.
A magic dart appears from out of thin air!
The magic dart hits you.
* * * LOW HITPOINT WARNING * * *
You hit the orc but do no damage.
The orc is heavily wounded.
The orc barely misses you.
You hit the orc.
The orc is moderately wounded.
Something hits you.
You die...

#.##### #.....#
#.....# #.....#
.# #. #.....##
.##.. #....o.
∆#.#.. #...o.#
....#
#..oo@####..#.##
######.........#
#.(†......#
##.........#
#..........#
#.###.######
#.#.#.# #.#.#.#
#.#P#.######


You could see 4 orcs.

Vanquished Creatures
  Terence (D:2)
  A dart slug (D:1)
  9 ball pythons
  4 bats
  3 endoplasms
  4 goblins
  9 hobgoblins
  2 jackals (D:1)
  3 kobolds
  3 frilled lizards (D:1)
  7 rats
46 creatures vanquished.

Notes
Turn   | Place    | Note
-------+----------+-------------------------------------------
     0 | D:1      | jimonade the Gnoll Brigand began the quest for the Orb.
     0 | D:1      | Reached XP level 1. HP: 20/20 MP: 1/1
   107 | D:1      | Found a faded altar of an unknown god.
   112 | D:1      | Reached XP level 2. HP: 26/26 MP: 2/2
   167 | D:1      | Found Peunaos's Magic Scroll Shop.
   565 | D:1      | Reached XP level 3. HP: 31/31 MP: 3/3
   896 | D:1      | Reached skill level 1 in Invocations
  1112 | D:2      | Noticed Terence
  1114 | D:2      | Killed Terence
  1115 | D:2      | Reached skill level 1 in Long Blades
  1115 | D:2      | Reached skill level 1 in Axes
  1115 | D:2      | Reached skill level 1 in Maces & Flails
  1115 | D:2      | Reached skill level 1 in Polearms
  1115 | D:2      | Reached skill level 1 in Staves
  1115 | D:2      | Reached skill level 1 in Ranged Weapons
  1115 | D:2      | Reached skill level 1 in Armour
  1115 | D:2      | Reached skill level 1 in Shields
  1115 | D:2      | Reached skill level 1 in Unarmed Combat
  1115 | D:2      | Reached skill level 1 in Spellcasting
  1115 | D:2      | Reached skill level 1 in Evocations
  1115 | D:2      | Reached XP level 4. HP: 38/38 MP: 5/5
  1742 | D:3      | Slain by an orc wizard

Illustrated notes

Levels and vault maps discovered:
D:1:      shiori_arrival_oz, layout_basic, nicolae_ecumenical_snake_handling,
          serial_shops, nicolae_shop_hallway_plus, minmay_misc_feat_columns,
          kennysheep_decorative_pillar
D:2:      layout_basic, grunt_decor_cap, minmay_statues_item, uniq_terence
D:3:      minmay_evil_eye, layout_basic, serial_aquarium,
          aquarium_bridge_long_joined [aquarium_subvault_bridge,
          aquarium_subvault_wall, aquarium_subvault_wall,
          aquarium_subvault_bridge, aquarium_subvault_bridge,
          aquarium_subvault_balcony], aquarium_bridge_island_small
          [aquarium_subvault_small_open, aquarium_subvault_bridge,
          aquarium_subvault_window, aquarium_subvault_window,
          aquarium_subvault_window], aquarium_window_fake, aquarium_window_fake,
          aquarium_view_2a, aquarium_pool_2

Skill      XL: |  1  2  3 |
---------------+----------+-----
Invocations    | 1 |  1.2
Long Blades    | 1 |  1.1
Axes           | 1 |  1.1
Maces & Flails | 1 |  1.1
Polearms       | 1 |  1.1
Staves         | 1 |  1.1
Ranged Weapons | 1 |  1.1
Armour         | 1 |  1.1
Shields        | 1 |  1.1
Unarmed Combat | 1 |  1.1
Spellcasting   | 1 |  1.1
Evocations     | 1 |  1.1
Fighting       | |  4.6
Short Blades   | |  4.6
Throwing       | |  4.6
Dodging        | |  2.7
Stealth        | |  7.8
Conjurations   | |  0.9
Hexes          | |  0.9
Summonings     | |  0.9
Necromancy     | |  0.9
Translocations | |  0.9
Transmutations | |  0.9
Fire Magic     | |  0.9
Ice Magic      | |  0.9
Air Magic      | |  0.9
Earth Magic    | |  0.9
Poison Magic   | |  0.9

Action                     |  1- 3 |  4- 6 || total
---------------------------+-------+-------++-------
  Melee: Dagger            |    86 |    36 ||   122
         Bite              |     4 |     2 ||     6
         Punch             |     2 |       ||     2
  Throw: Dart              |     2 |       ||     2
   Stab: Sleeping          |    11 |     3 ||    14
 Armour: Robe              |    19 |     5 ||    24
  Dodge: Dodged            |    41 |    29 ||    70

Table legend: (Time is in decaauts)
 A = Elapsed time spent in this place.
 B = Non-inter-level travel time spent in this place.
 C = Inter-level travel time spent in this place.
 D = Time resting spent in this place.
 E = Time spent auto-exploring this place.
 F = Levels seen in this place.
 G = Mean time per level.
                   A        B        C        D        E       F      G
               +--------+--------+--------+--------+--------+-----+--------+
         Total |   1726 |   1673 |     53 |      0 |   1309 |   3 |  575.3 |
       Dungeon |   1726 |   1673 |     53 |      0 |   1309 |   3 |  575.3 |
               +--------+--------+--------+--------+--------+-----+--------+

Top non-repeatable levels by time:
     D:1: 932 daAuts
     D:2: 748 daAuts
     D:3: 45 daAuts
